Map: [ESL] Royal Blood

Players

Nanami

  • Race: Protoss Protoss
  • Spawn Location: 1:00

IGXY (XY) - Winner!

  • Race: Terran Terran
  • Spawn Location: 7:00

Event: ESL SC2 Masters 2023 Summer (Regionals)

VOD

Have the link to the VOD?

Description

Time

  • Played on: May 13, 2023, 6:25 a.m.
  • Length: 8:29

All games in this series

Show
View Real Time Build Order
Export as new Build Order

Nanami Protoss 

Build Orders: 1 Gate Expand, Oracle Opening, Phoenix Opening 

Get SALT Encoding   

  12  0:00  Probe  
  13  0:12  Probe  
  14  0:17  Pylon  
  14  0:24  Probe  
  15  0:35  Gateway  
  15  0:36  Probe (Chrono Boost)  
  16  0:46  Probe (Chrono Boost), Assimilator  
  17  0:51  Probe (Chrono Boost)  
  18  1:03  Probe  
  19  1:15  Probe  
  20  1:23  Cybernetics Core  
  20  1:33  Nexus  
  20  1:43  Assimilator  
  20  1:46  Pylon  
  20  1:48  Probe  
  21  1:56  Adept (Chrono Boost)  
  23  2:04  Probe  
  24  2:16  Probe  
  24  2:17  Stargate  
  24  2:26  Warp Gate  
  24  2:28  Adept (Chrono Boost), Probe  
  27  2:40  Probe  
  28  2:49  Probe  
  29  2:51  Adept  
  29  2:52  Probe  
  32  3:00  Oracle (Chrono Boost)  
  32  3:01  Probe  
  32  3:04  Probe  
  37  3:13  Probe  
  37  3:16  Probe  
  39  3:22  Twilight Council  
  39  3:26  Gateway  
  39  3:28  Gateway  
  39  3:30  Probe  
  39  3:33  Probe  
  41  3:40  Pylon  
  41  3:43  Probe  
  41  3:45  Assimilator  
  43  3:50  Phoenix (Chrono Boost)  
  43  3:54  Probe  
  45  3:56  Shield Battery  
  45  4:00  Probe  
  46  4:06  Probe, Blink (Chrono Boost)  
  47  4:12  Probe  
  48  4:18  Probe  
  48  4:24  Stalker  
  51  4:33  Stalker  
  51  4:36  Probe x2  
  50  4:55  Shield Battery x2  
  50  4:58  Pylon  
  54  5:02  Void Ray (Chrono Boost)  
  54  5:03  Pylon  
  54  5:10  Probe  
  51  5:20  Probe  
  52  5:22  Probe  
  51  5:32  Probe  
  51  5:34  Probe  
  53  5:44  Probe  
  53  5:45  Oracle (Chrono Boost)  
  53  5:46  Probe  
  55  5:56  Probe  
  55  5:58  Probe  
  55  6:08  Probe  
  55  6:10  Probe  
  55  6:23  Probe (Chrono Boost)  
  52  6:29  Probe (Chrono Boost)  
  42  6:35  Probe (Chrono Boost)  
  44  6:40  Stalker x2  
  44  6:41  Probe (Chrono Boost)  
  44  6:44  Probe (Chrono Boost)  
  44  6:46  Probe (Chrono Boost)  
  47  6:49  Probe  
  46  6:56  Probe  
  47  7:02  Probe  
  47  7:08  Probe, Zealot x3  
  50  7:14  Probe, Nexus  
  55  7:20  Probe  
  56  7:26  Probe  
  56  7:31  Pylon  
  56  7:32  Probe  
  55  7:39  Oracle (Chrono Boost)  
  52  7:45  Probe  
  53  7:53  Probe  
  53  7:58  Probe  
  50  8:08  Probe  
  51  8:16  Stalker x2  
Show
View Real Time Build Order
Export as new Build Order

IGXY Terran - Winner!

Build Orders:  

Get SALT Encoding   

  12  0:00  SCV  
  13  0:12  SCV  
  14  0:16  Supply Depot  
  14  0:24  SCV  
  15  0:38  SCV, Barracks  
  16  0:43  Refinery  
  16  0:50  SCV  
  16  0:54  Refinery  
  17  1:02  SCV  
  18  1:14  SCV  
  19  1:25  Reaper  
  20  1:26  Orbital Command  
  20  1:30  Supply Depot  
  20  1:48  Factory  
  20  1:52  SCV  
  21  1:58  Barracks Reactor  
  21  2:04  SCV  
  22  2:19  Command Center  
  22  2:20  SCV  
  23  2:32  SCV  
  23  2:33  Starport  
  24  2:40  Supply Depot  
  24  2:44  SCV  
  24  2:45  Marine  
  29  2:51  Widow Mine x2  
  29  2:57  SCV  
  30  3:03  Marine  
  30  3:04  Supply Depot  
  31  3:08  Medivac  
  31  3:09  SCV  
  34  3:18  Widow Mine x2  
  38  3:25  Armory  
  38  3:37  Orbital Command  
  38  3:42  Widow Mine  
  38  3:43  Widow Mine  
  38  3:44  SCV  
  43  3:50  Medivac  
  43  3:51  Marine  
  43  3:55  Orbital Command  
  46  4:04  Widow Mine x2  
  50  4:11  Supply Depot, Barracks Tech Lab  
  50  4:14  SCV  
  47  4:25  Widow Mine x2  
  47  4:28  SCV  
  52  4:35  Medivac  
  54  4:40  SCV x2  
  54  4:42  Marine  
  53  4:47  Widow Mine  
  53  4:48  Bunker  
  53  4:52  SCV, Widow Mine  
  58  4:53  Supply Depot  
  58  4:57  Supply Depot  
  58  4:59  SCV  
  59  5:04  SCV  
  60  5:08  Widow Mine  
  60  5:11  SCV  
  60  5:14  Widow Mine  
  65  5:16  SCV  
  66  5:23  SCV  
  66  5:28  SCV, Supply Depot  
  67  5:29  Widow Mine  
  67  5:31  Stimpack, Marine  
  67  5:35  Widow Mine  
  71  5:36  Barracks  
  71  5:38  SCV  
  71  5:40  SCV  
  69  5:50  SCV  
  69  5:51  Widow Mine  
  69  5:55  SCV  
  69  5:56  Widow Mine  
  75  5:59  Engineering Bay  
  75  6:02  SCV, Barracks  
  75  6:03  Starport Reactor, Marauder  
  78  6:08  SCV  
  78  6:10  Refinery  
  79  6:12  Widow Mine  
  79  6:13  Refinery  
  81  6:20  SCV  
  81  6:23  SCV, Widow Mine  
  81  6:24  Marauder  
  87  6:31  Barracks Reactor  
  87  6:32  Supply Depot  
  83  6:34  Terran Infantry Weapons Level 1, Widow Mine  
  83  6:38  SCV  
  86  6:45  Barracks, Marine  
  86  6:46  Barracks  
  85  6:48  SCV  
  85  6:49  Command Center  
  85  6:50  Barracks Tech Lab  
  84  6:54  Supply Depot  
  84  6:58  Widow Mine  
  82  7:02  Widow Mine  
  82  7:05  SCV  
  82  7:06  Medivac x2  
  89  7:09  Marauder  
  89  7:15  Marine  
  89  7:18  Marine  
  89  7:19  Marine, Widow Mine  
  94  7:30  Marine, Widow Mine  
  94  7:33  Marine  
  99  7:37  SCV, Marauder  
  99  7:39  Marine  
  99  7:40  Widow Mine  
  101  7:45  Barracks Tech Lab  
  101  7:48  Medivac, Marauder  
  101  7:51  Barracks Reactor  
  104  7:58  Missile Turret, Marauder  
  106  7:59  SCV x2  
  106  8:04  Widow Mine x2  
  112  8:07  Marauder  
  112  8:08  Marine  
  112  8:12  SCV, Missile Turret  
Tags
 
Add a new tag
Caveats
  • Supply blocks, unpowered buildings, or Contaminate may cause inaccurate times.
  • Supply counts are checked every 10 seconds.